Harfangs vs Ice Dragons
Created - February 26, 2019 at 19:25
Goals
|
| Harfangs |
1 |
2 |
2 |
5 |
| Ice Dragons |
1 |
0 |
1 |
2 |
|
Shots
|
| Harfangs |
11 |
6 |
15 |
32 |
| Ice Dragons |
8 |
9 |
9 |
26 |
|
1st period
1. Ice Dragons , William Carrier 8 (Matt Corrente 16, Michael Chaput 23) at 16:33
2. Harfangs , Jimmy Hayes 42 (Steve Ott 26) at 17:37
Penalties :
Calle Jarnkrok (BEA) for Holding (Minor) at 18:12
2nd period
3. Harfangs , Tomas Kubalik 22 (Steve McCarthy 5) at 1:28
4. Harfangs , Jujhar Khaira 13 (Colton Sissons 10, Ryan Hartman 11) at 10:20
Penalties :
Thomas Gobeil (Kin) for Holding (Minor) at 4:00, Matt Corrente (Kin) for Hooking (Minor) at 11:05, Michael Bournival (BEA) for High sticking (Minor) at 19:15
3rd period
5. Harfangs , Andreas Martinsen 19 (Brandon Pirri 18, Steve McCarthy 6) at 7:05
6. Harfangs , Tomas Kubalik 23 (Dustin Jeffrey 7) at 8:43
7. Ice Dragons , Matt Corrente 4 (Luke Adam 20, Brandon Kozun 25) at 19:08 (PP)
Penalties :
Logan MacMillan (Kin) for Hooking (Minor) at 9:06, Michael Ferland (Kin) for Fighting (Major) at 11:22, Jujhar Khaira (BEA) for Fighting (Major) at 11:22, Chris Wagner (Kin) for Hooking (Minor) at 16:51, Michael Ferland (Kin) for Fighting (Major) at 19:00, Blake Heinrich (BEA) for Fighting (Major) at 19:00, Blake Heinrich (BEA) for instigated a fight (Minor) at 19:00, Blake Heinrich (BEA) for instigated a fight (10 Minutes Misconduct) at 19:00, Jimmy Hayes (BEA) for Tripping (Minor) at 19:16
Goalie Stats
Mark Visentin (BEA), 24 saves from 26 shots - (0.923), W, 3-3-1, 60:00 minutes
Anders Nilsson (Kin), 27 saves from 32 shots - (0.844), L, 10-22-0, 60:00 minutes
Players Stats for Harfangs
Player Name G A P +/- PIM S H SB GA TA FO MP PP MP PK MP
------------------------------------------------------------------------------------
Andreas Martinsen 1 0 1 1 0 2 1 0 0 0 0/0 12:36 0:00 0:54
Blake Heinrich 0 0 0 0 17 0 0 0 0 0 0/0 10:34 0:00 0:00
Brandon Pirri 0 1 1 1 0 3 1 0 1 0 0/0 11:51 0:00 0:00
Brenden Kichton 0 0 0 0 0 0 0 0 0 0 0/0 10:35 0:00 0:00
Calle Jarnkrok 0 0 0 1 2 1 1 0 1 0 4/8 16:26 3:24 0:00
Colton Sissons 0 1 1 1 0 1 0 0 1 0 2/4 7:59 0:00 0:00
Dustin Jeffrey 0 1 1 1 0 1 7 0 1 0 2/3 16:22 3:24 0:00
Jeff Petry 0 0 0 4 0 1 1 1 0 1 0/0 20:53 3:45 1:14
Jimmy Hayes 1 0 1 1 2 4 2 1 0 1 1/2 22:15 4:32 2:35
Jujhar Khaira 1 0 1 1 5 5 0 1 1 0 0/0 7:03 0:00 0:00
Michael Bournival 0 0 0 1 2 1 4 0 1 0 2/3 20:07 4:32 0:28
Oscar Sundqvist 0 0 0 1 0 2 2 0 0 0 4/7 12:36 0:00 1:24
Reid McNeill 0 0 0 4 0 0 0 2 0 0 0/0 20:22 3:45 1:14
Ryan Hartman 0 1 1 1 0 1 1 0 0 0 0/0 7:59 0:00 0:00
Steve McCarthy 0 2 2 0 0 2 4 2 0 0 0/0 28:32 4:11 3:35
Steve Ott 0 1 1 1 0 3 3 0 0 1 16/29 22:59 4:32 3:18
Tomas Kubalik 2 0 2 1 0 3 3 0 0 1 1/2 17:25 3:24 0:59
Victor Bartley 0 0 0 0 0 2 0 1 2 0 0/0 28:32 4:11 3:35
Players Stats for Ice Dragons
Player Name G A P +/- PIM S H SB GA TA FO MP PP MP PK MP
------------------------------------------------------------------------------------
Alec Martinez 0 0 0 0 0 1 3 1 1 1 0/0 29:20 3:22 4:27
Alex Plante 0 0 0 0 0 0 2 1 0 0 0/0 4:05 0:00 0:21
Brandon Kozun 0 1 1 -2 0 0 1 0 0 1 3/3 19:44 2:53 2:30
Chris Wagner 0 0 0 -1 2 0 2 0 0 0 0/1 16:05 1:56 0:00
David Rundblad 0 0 0 -4 0 1 0 2 0 0 0/0 20:36 1:27 3:29
Emil Pettersson 0 0 0 -1 0 1 0 0 0 0 2/4 10:19 0:00 2:05
Justin Shugg 0 0 0 0 0 1 1 0 0 0 1/1 11:47 0:00 0:00
Kevin Connauton 0 0 0 -4 0 0 2 0 1 2 0/0 20:36 1:27 3:29
Logan MacMillan 0 0 0 -2 2 2 1 1 0 0 1/3 19:12 2:53 1:45
Luke Adam 0 1 1 -2 0 5 0 1 0 0 9/23 26:01 2:53 3:44
Matt Corrente 1 1 2 0 2 4 3 0 1 1 0/0 25:41 3:22 3:33
Michael Chaput 0 1 1 -1 0 4 2 0 1 1 8/16 20:16 1:56 3:53
Michael Ferland 0 0 0 -1 10 1 4 1 0 0 0/0 13:55 0:00 1:43
Michael Stone 0 0 0 0 0 0 0 2 0 1 0/0 10:04 0:00 0:00
Sam Carrick 0 0 0 0 0 3 0 0 0 1 2/7 11:54 0:00 0:12
Samuel Groulx 0 0 0 0 0 0 0 1 0 0 0/0 10:37 0:00 0:33
Thomas Gobeil 0 0 0 -1 2 0 1 0 0 0 0/0 5:42 0:00 0:00
William Carrier 1 0 1 -1 0 3 1 0 0 0 0/0 16:04 1:56 0:00
3 Stars
1 - Tomas Kubalik (BEA)
2 - Dustin Jeffrey (BEA)
3 - Steve McCarthy (BEA)
Power Play
Harfangs - 0 on 4 Attempt(s) - 0.00%
Ice Dragons - 1 on 4 Attempt(s) - 25.00%
Penalty Kill
Harfangs - 3 on 4 Attempt(s) - 75.00%
- Score 0 goal in Penalty Kill
Ice Dragons - 4 on 4 Attempt(s) - 100.00%
- Score 0 goal in Penalty Kill
Team Stat
Harfangs - Hits : 30 - Faceoff Wins : 32 - Blocked Shots : 8 - Penalty Minutes : 28
Ice Dragons - Hits : 23 - Faceoff Wins : 26 - Blocked Shots : 10 - Penalty Minutes : 18
Official
Referees : Unknown
Linesman : Unknown
Game Notes
Michael Ferland beats up Jujhar Khaira at 11:22 of 3rd period
Michael Ferland beats up Blake Heinrich at 19:00 of 3rd period
Finance
Level 1 -- Attendance: 1443 (72.15%) -- Ticket Income $57,720
Level 2 -- Attendance: 719 (71.90%) -- Ticket Income $14,380
Total Attendance: 2162 (72.07%)
Total Ticket Income: $72,100
Other Income: $3,605
Total Income: $75,705
Harfangs
5 vs 5 Forward
Center Left Wing Right Wing Time % Phy DF OF
1 Steve Ott Michael Bournival Jimmy Hayes 40 1 2 2
2 Calle Jarnkrok Dustin Jeffrey Tomas Kubalik 30 1 2 2
3 Oscar Sundqvist Andreas Martinsen Brandon Pirri 20 1 2 2
4 Colton Sissons Jujhar Khaira Ryan Hartman 10 1 2 2
5 vs 5 Defense
Defense Defense Time % Phy DF OF
1 Steve McCarthy Victor Bartley 40 1 2 2
2 Jeff Petry Reid McNeill 30 1 2 2
3 Brenden Kichton Blake Heinrich 20 1 2 2
4 Steve McCarthy Victor Bartley 10 1 2 2
PowerPlay Forward
Center Left Wing Right Wing Time % Phy DF OF
1 Steve Ott Michael Bournival Jimmy Hayes 60 1 2 2
2 Calle Jarnkrok Dustin Jeffrey Tomas Kubalik 40 1 2 2
PowerPlay Defense
Defense Defense Time % Phy DF OF
1 Steve McCarthy Victor Bartley 60 1 2 2
2 Jeff Petry Reid McNeill 40 1 2 2
Penalty Kill 4 Players Forward
Center Wing Time % Phy DF OF
1 Steve Ott Jimmy Hayes 60 1 2 2
2 Tomas Kubalik Michael Bournival 40 1 2 2
Penalty Kill 4 Players Defense
Defense Defense Time % Phy DF OF
1 Steve McCarthy Victor Bartley 60 1 2 2
2 Jeff Petry Reid McNeill 40 1 2 2
Penalty Kill - 3 Players Forward
Forward Time % Phy DF OF
1 Steve Ott 60 1 2 2
2 Jimmy Hayes 40 1 2 2
Penalty Kill - 3 Players Defense
Defense Defense Time % Phy DF OF
1 Steve McCarthy Victor Bartley 60 1 2 2
2 Jeff Petry Reid McNeill 40 1 2 2
4 vs 4 Forward
Center Wing Time % Phy DF OF
1 Steve Ott Jimmy Hayes 60 1 2 2
2 Tomas Kubalik Michael Bournival 40 1 2 2
4 vs 4 Defense
Defense Defense Time % Phy DF OF
1 Steve McCarthy Victor Bartley 60 1 2 2
2 Jeff Petry Reid McNeill 40 1 2 2
Last Minutes Offensive
Center Left Wing Right Wing Defense Defense
Steve Ott Michael Bournival Jimmy Hayes Steve McCarthy Victor Bartley
Last Minutes Defensive
Center Left Wing Right Wing Defense Defense
Steve Ott Michael Bournival Jimmy Hayes Steve McCarthy Victor Bartley
Goaltenders
Starting : Mark Visentin
Backup : Zachary Fucale
Extra Forwards
Normal : Andreas Martinsen, Brandon Pirri, Oscar Sundqvist - PP : Andreas Martinsen, Brandon Pirri - PK : Oscar Sundqvist
Extra Defensemen
Normal : Brenden Kichton, Blake Heinrich, Jeff Petry - PP : Brenden Kichton - PK : Blake Heinrich, Jeff Petry
Penalty Shots
Steve Ott, Jimmy Hayes, Tomas Kubalik, Michael Bournival, Dustin Jeffrey
Scratches
Garnet Hathaway (Healthy), Cristoval Nieves (Healthy), Jake Dotchin (Healthy), Dylan Olsen (Herniated Disc Injury), Morgan Klimchuk (Healthy)
Nick Sorensen (Back Spasms Injury), Laurent Dauphin (Healthy), Mark Alt (Healthy), Brendan Leipsic (Healthy), Rinat Valiev (Healthy)
Erik Nystrom (Healthy), Anton Forsberg (Healthy), Jason Kasdorf (Healthy), Scott Wedgewood (Healthy)
Ice Dragons
5 vs 5 Forward
Center Left Wing Right Wing Time % Phy DF OF
1 Luke Adam Logan MacMillan Brandon Kozun 40 1 1 3
2 Michael Chaput William Carrier Chris Wagner 30 1 2 2
3 Sam Carrick Michael Ferland Justin Shugg 20 1 2 2
4 Emil Pettersson Luke Adam Thomas Gobeil 10 1 3 1
5 vs 5 Defense
Defense Defense Time % Phy DF OF
1 Alec Martinez Matt Corrente 40 1 2 2
2 David Rundblad Kevin Connauton 30 1 2 2
3 Michael Stone Samuel Groulx 20 1 2 2
4 Alex Plante Alec Martinez 10 1 3 1
PowerPlay Forward
Center Left Wing Right Wing Time % Phy DF OF
1 Luke Adam Logan MacMillan Brandon Kozun 60 1 1 3
2 Michael Chaput William Carrier Chris Wagner 40 1 1 3
PowerPlay Defense
Defense Defense Time % Phy DF OF
1 Alec Martinez Matt Corrente 60 1 2 2
2 David Rundblad Kevin Connauton 40 1 2 2
Penalty Kill 4 Players Forward
Center Wing Time % Phy DF OF
1 Luke Adam Michael Chaput 60 1 4 0
2 Brandon Kozun Logan MacMillan 40 1 4 0
Penalty Kill 4 Players Defense
Defense Defense Time % Phy DF OF
1 Alec Martinez Matt Corrente 60 1 4 0
2 David Rundblad Kevin Connauton 40 1 4 0
Penalty Kill - 3 Players Forward
Forward Time % Phy DF OF
1 Luke Adam 60 1 4 0
2 Michael Chaput 40 1 4 0
Penalty Kill - 3 Players Defense
Defense Defense Time % Phy DF OF
1 Alec Martinez Matt Corrente 60 1 4 0
2 David Rundblad Kevin Connauton 40 1 4 0
4 vs 4 Forward
Center Wing Time % Phy DF OF
1 Luke Adam Michael Chaput 60 1 2 2
2 Brandon Kozun Logan MacMillan 40 1 2 2
4 vs 4 Defense
Defense Defense Time % Phy DF OF
1 Alec Martinez Matt Corrente 60 1 2 2
2 David Rundblad Kevin Connauton 40 1 2 2
Last Minutes Offensive
Center Left Wing Right Wing Defense Defense
Luke Adam Logan MacMillan Brandon Kozun Alec Martinez Matt Corrente
Last Minutes Defensive
Center Left Wing Right Wing Defense Defense
Luke Adam Logan MacMillan Brandon Kozun Alec Martinez Matt Corrente
Goaltenders
Starting : Anders Nilsson
Backup : Harru Sateri
Extra Forwards
Normal : Sam Carrick, Michael Ferland, Emil Pettersson - PP : Sam Carrick, Michael Ferland - PK : Emil Pettersson
Extra Defensemen
Normal : Michael Stone, Samuel Groulx, Alex Plante - PP : Michael Stone - PK : Samuel Groulx, Alex Plante
Penalty Shots
Luke Adam, Michael Chaput, Brandon Kozun, Logan MacMillan, Sam Carrick
Scratches
Brian Boyle (Fractured Metatarsal (Right Foot) Injury), Theodor Blueger (Healthy), Brayden McNabb (Healthy), Alex Henriksson (Healthy), Cole Ully (Torn Left Knee Ligaments Injury)
Christian Djoos (Healthy), Oscar Dansk (Healthy)
% Time on Ice - Harfangs
Lines # - Real PCT - Wanted PCT - Time Play
Normal Forward
1 - 32% - 40% - 15:09
2 - 28% - 30% - 13:02
3 - 23% - 20% - 11:05
4 - 17% - 10% - 7:59
Normal Defense
1 - 40% - 40% - 19:06
2 - 33% - 30% - 15:23
3 - 22% - 20% - 10:35
4 - 5% - 10% - 2:11
PP Forward
1 - 57% - 60% - 4:32
2 - 43% - 40% - 3:24
PP Defense
1 - 53% - 60% - 4:11
2 - 47% - 40% - 3:45
PK Forward
1 - 80% - 60% - 3:50
2 - 20% - 40% - 0:59
PK Defense
1 - 74% - 60% - 3:35
2 - 26% - 40% - 1:14
PK3 Forward
1 - 0% - 60%
2 - 0% - 40%
PK3 Defense
1 - 0% - 60%
2 - 0% - 40%
44 Forward
1 - 0% - 60%
2 - 0% - 40%
44 Defense
1 - 0% - 60%
2 - 0% - 40%
Last Minute Offensive - 0:00
Last Minute Defensive - 0:00
Total
Forward - 60:00
Defense - 60:00
|
% Time on Ice - Ice Dragons
Lines # - Real PCT - Wanted PCT - Time Play
Normal Forward
1 - 34% - 40% - 15:51
2 - 30% - 30% - 14:03
3 - 25% - 20% - 11:47
4 - 12% - 10% - 5:34
Normal Defense
1 - 38% - 40% - 17:47
2 - 33% - 30% - 15:40
3 - 21% - 20% - 10:04
4 - 8% - 10% - 3:44
PP Forward
1 - 60% - 60% - 2:53
2 - 40% - 40% - 1:56
PP Defense
1 - 70% - 60% - 3:22
2 - 30% - 40% - 1:27
PK Forward
1 - 68% - 60% - 5:26
2 - 32% - 40% - 2:30
PK Defense
1 - 56% - 60% - 4:27
2 - 44% - 40% - 3:29
PK3 Forward
1 - 0% - 60%
2 - 0% - 40%
PK3 Defense
1 - 0% - 60%
2 - 0% - 40%
44 Forward
1 - 0% - 60%
2 - 0% - 40%
44 Defense
1 - 0% - 60%
2 - 0% - 40%
Last Minute Offensive - 0:00
Last Minute Defensive - 0:00
Total
Forward - 60:00
Defense - 60:00
|
Play-by-Play
1st period
0:01 of 1st period - Luke Adam wins face-off versus Steve Ott in neutral zone.
0:14 of 1st period - Snap shot by Jimmy Hayes.
0:14 of 1st period - Stopped by Anders Nilsson with a rebound.
0:16 of 1st period - Slapshot by Victor Bartley.
0:16 of 1st period - Stopped by Anders Nilsson without a rebound.
0:17 of 1st period - Dustin Jeffrey wins face-off versus Michael Chaput in Ice Dragons zone.
1:09 of 1st period - Snap shot by Steve Ott.
1:09 of 1st period - Shot Blocked by David Rundblad.
1:11 of 1st period - Slapshot by Victor Bartley.
1:11 of 1st period - Shot Blocked by Logan MacMillan.
1:27 of 1st period - David Rundblad is hit by Ryan Hartman and loses puck.
1:32 of 1st period - Snap shot by Colton Sissons.
1:32 of 1st period - Stopped by Anders Nilsson with a rebound.
2:12 of 1st period - Snap shot by Andreas Martinsen.
2:12 of 1st period - Stopped by Anders Nilsson without a rebound.
2:13 of 1st period - Michael Chaput wins face-off versus Steve Ott in Ice Dragons zone.
2:13 of 1st period - Michael Chaput is hit by Steve Ott.
2:41 of 1st period - Off-side.
2:42 of 1st period - Calle Jarnkrok wins face-off versus Sam Carrick in neutral zone.
2:47 of 1st period - Slapshot by Calle Jarnkrok.
2:47 of 1st period - Stopped by Anders Nilsson with a rebound.
2:49 of 1st period - Wrist shot by Dustin Jeffrey.
2:49 of 1st period - Shot Blocked by Alex Plante.
3:07 of 1st period - Andreas Martinsen is hit by Alex Plante and loses puck.
3:26 of 1st period - Slapshot by Steve Ott.
3:26 of 1st period - Shot Misses the Net.
3:46 of 1st period - Luke Adam is hit by Dustin Jeffrey and loses puck.
4:03 of 1st period - Ryan Hartman is hit by Michael Ferland and loses puck.
4:19 of 1st period - Icing by David Rundblad.
4:20 of 1st period - Oscar Sundqvist wins face-off versus Sam Carrick in Ice Dragons zone.
4:47 of 1st period - Wrist shot by Sam Carrick.
4:47 of 1st period - Stopped by Mark Visentin with a rebound.
5:35 of 1st period - Wrist shot by Luke Adam.
5:35 of 1st period - Stopped by Mark Visentin with a rebound.
5:39 of 1st period - Slapshot by Luke Adam.
5:39 of 1st period - Stopped by Mark Visentin without a rebound.
5:40 of 1st period - Calle Jarnkrok wins face-off versus Luke Adam in Harfangs zone.
5:40 of 1st period - Calle Jarnkrok is hit by Brandon Kozun.
5:48 of 1st period - Snap shot by Tomas Kubalik.
5:48 of 1st period - Deflect By Luke Adam.
5:48 of 1st period - Shot Hit the Post.
5:48 of 1st period - Puck is out of play.
5:49 of 1st period - Tomas Kubalik wins face-off versus Luke Adam in Ice Dragons zone.
7:13 of 1st period - Wrist shot by Andreas Martinsen.
7:13 of 1st period - Deflect By Oscar Sundqvist.
7:13 of 1st period - Shot Blocked by Samuel Groulx.
7:13 of 1st period - Puck is out of play.
7:14 of 1st period - Steve Ott wins face-off versus Michael Chaput in Ice Dragons zone.
7:17 of 1st period - Wrist shot by Jimmy Hayes.
7:17 of 1st period - Shot Misses the Net.
7:39 of 1st period - Tomas Kubalik is hit by Matt Corrente and loses puck.
8:06 of 1st period - Calle Jarnkrok is hit by Kevin Connauton and loses puck.
8:41 of 1st period - Backhand shot by Jimmy Hayes.
8:41 of 1st period - Shot Blocked by Luke Adam.
8:43 of 1st period - Slapshot by Jeff Petry.
8:43 of 1st period - Shot Blocked by Alec Martinez.
9:29 of 1st period - Oscar Sundqvist is hit by William Carrier and loses puck.
10:00 of 1st period - Snap shot by Jujhar Khaira.
10:00 of 1st period - Stopped by Anders Nilsson with a rebound.
10:02 of 1st period - Snap shot by Ryan Hartman.
10:02 of 1st period - Shot Blocked by Michael Stone.
10:04 of 1st period - Slapshot by Steve McCarthy.
10:04 of 1st period - Shot Blocked by Michael Stone.
10:39 of 1st period - Calle Jarnkrok is hit by Kevin Connauton.
11:17 of 1st period - Logan MacMillan is hit by Brandon Pirri.
11:53 of 1st period - Slapshot by Alec Martinez.
11:53 of 1st period - Shot Blocked by Jujhar Khaira.
11:55 of 1st period - Wrist shot by Alec Martinez.
11:55 of 1st period - Shot Blocked by Jeff Petry.
11:57 of 1st period - Wrist shot by Justin Shugg.
11:57 of 1st period - Stopped by Mark Visentin without a rebound.
11:58 of 1st period - Steve Ott wins face-off versus Emil Pettersson in Harfangs zone.
12:09 of 1st period - Steve McCarthy is hit by Michael Ferland and loses puck.
12:22 of 1st period - Michael Bournival is hit by Alec Martinez and loses puck.
12:27 of 1st period - Slapshot by Michael Stone.
12:27 of 1st period - Shot Blocked by Victor Bartley.
12:49 of 1st period - Snap shot by Steve Ott.
12:49 of 1st period - Shot Hit the Post.
12:51 of 1st period - Slapshot by Steve McCarthy.
12:51 of 1st period - Stopped by Anders Nilsson without a rebound.
12:52 of 1st period - Brandon Kozun wins face-off versus Dustin Jeffrey in Ice Dragons zone.
13:08 of 1st period - Snap shot by Luke Adam.
13:08 of 1st period - Shot Misses the Net.
13:22 of 1st period - Snap shot by Oscar Sundqvist.
13:22 of 1st period - Stopped by Anders Nilsson with a rebound.
13:48 of 1st period - Snap shot by Ryan Hartman.
13:48 of 1st period - Stopped by Anders Nilsson without a rebound.
13:49 of 1st period - Colton Sissons wins face-off versus Sam Carrick in Ice Dragons zone.
13:52 of 1st period - Slapshot by Colton Sissons.
13:52 of 1st period - Shot Blocked by Michael Ferland.
15:08 of 1st period - Jeff Petry is hit by Justin Shugg and loses puck.
15:27 of 1st period - Slapshot by Steve Ott.
15:27 of 1st period - Stopped by Anders Nilsson without a rebound.
15:28 of 1st period - Logan MacMillan wins face-off versus Steve Ott in Ice Dragons zone.
15:33 of 1st period - Wrist shot by Brandon Kozun.
15:33 of 1st period - Shot Misses the Net.
16:18 of 1st period - Snap shot by Michael Bournival.
16:18 of 1st period - Deflect By Jimmy Hayes.
16:18 of 1st period - Shot Misses the Net.
16:18 of 1st period - Puck is out of play.
16:19 of 1st period - Michael Chaput wins face-off versus Tomas Kubalik in Ice Dragons zone.
16:19 of 1st period - Michael Chaput is hit by Calle Jarnkrok.
16:33 of 1st period - Snap shot by William Carrier.
16:33 of 1st period - Goal by William Carrier - Harfangs : 0 - Ice Dragons : 1.
16:34 of 1st period - Calle Jarnkrok wins face-off versus Michael Chaput in neutral zone.
17:12 of 1st period - Andreas Martinsen is hit by Matt Corrente and loses puck.
17:23 of 1st period - Snap shot by Michael Chaput.
17:23 of 1st period - Shot Misses the Net.
17:27 of 1st period - Wrist shot by William Carrier.
17:27 of 1st period - Shot Misses the Net.
17:29 of 1st period - Slapshot by Alec Martinez.
17:29 of 1st period - Stopped by Mark Visentin without a rebound.
17:30 of 1st period - Steve Ott wins face-off versus Logan MacMillan in Harfangs zone.
17:37 of 1st period - Snap shot by Jimmy Hayes.
17:37 of 1st period - Goal by Jimmy Hayes - Harfangs : 1 - Ice Dragons : 1.
17:38 of 1st period - Steve Ott wins face-off versus Luke Adam in neutral zone.
18:12 of 1st period - Minor Penalty to Calle Jarnkrok for Holding.
18:13 of 1st period - Luke Adam wins face-off versus Steve Ott in Harfangs zone.
18:13 of 1st period - Wrist shot by Logan MacMillan.
18:13 of 1st period - Stopped by Mark Visentin with a rebound.
18:17 of 1st period - Wrist shot by Luke Adam.
18:17 of 1st period - Stopped by Mark Visentin with a rebound.
19:17 of 1st period - William Carrier is hit by Tomas Kubalik and loses puck.
19:22 of 1st period - Slapshot by Tomas Kubalik.
19:22 of 1st period - Shot Misses the Net.
Goals for this period are 1 for Harfangs vs 1 for Ice Dragons.
Shots for this period are 11 for Harfangs vs 8 for Ice Dragons.
2nd period
0:01 of 2nd period - Steve Ott wins face-off versus Luke Adam in neutral zone.
0:12 of 2nd period - Penalty to Calle Jarnkrok is over, Calle Jarnkrok is back on ice.
0:16 of 2nd period - Off-side.
0:17 of 2nd period - Michael Chaput wins face-off versus Calle Jarnkrok in neutral zone.
0:24 of 2nd period - Snap shot by Michael Chaput.
0:24 of 2nd period - Stopped by Mark Visentin with a rebound.
0:32 of 2nd period - Slapshot by Victor Bartley.
0:32 of 2nd period - Stopped by Anders Nilsson with a rebound.
1:28 of 2nd period - Snap shot by Tomas Kubalik.
1:28 of 2nd period - Goal by Tomas Kubalik - Harfangs : 2 - Ice Dragons : 1.
1:29 of 2nd period - Brandon Kozun wins face-off versus Steve Ott in neutral zone.
2:44 of 2nd period - Wrist shot by Luke Adam.
2:44 of 2nd period - Shot Blocked by Reid McNeill.
2:54 of 2nd period - Logan MacMillan is hit by Jimmy Hayes and loses puck.
3:45 of 2nd period - Wrist shot by Sam Carrick.
3:45 of 2nd period - Shot Misses the Net.
4:00 of 2nd period - Minor Penalty to Thomas Gobeil for Holding.
4:01 of 2nd period - Luke Adam wins face-off versus Jimmy Hayes in Ice Dragons zone.
4:01 of 2nd period - Luke Adam is hit by Steve McCarthy.
4:11 of 2nd period - Matt Corrente is hit by Jimmy Hayes and loses puck.
4:16 of 2nd period - Snap shot by Steve Ott.
4:16 of 2nd period - Shot Misses the Net.
6:00 of 2nd period - Penalty to Thomas Gobeil is over, Thomas Gobeil is back on ice.
6:12 of 2nd period - Snap shot by Emil Pettersson.
6:12 of 2nd period - Deflect By Sam Carrick.
6:12 of 2nd period - Stopped by Mark Visentin without a rebound.
6:13 of 2nd period - Sam Carrick wins face-off versus Oscar Sundqvist in Harfangs zone.
6:18 of 2nd period - Snap shot by Sam Carrick.
6:18 of 2nd period - Shot Hit the Post.
6:20 of 2nd period - Wrist shot by Sam Carrick.
6:20 of 2nd period - Stopped by Mark Visentin without a rebound.
6:21 of 2nd period - Luke Adam wins face-off versus Calle Jarnkrok in Harfangs zone.
7:27 of 2nd period - Alec Martinez is hit by Michael Bournival and loses puck.
8:02 of 2nd period - Luke Adam is hit by Steve McCarthy and loses puck.
8:21 of 2nd period - Brandon Pirri is hit by Michael Ferland and loses puck.
8:50 of 2nd period - Dustin Jeffrey is hit by Thomas Gobeil and loses puck.
9:26 of 2nd period - Michael Chaput is hit by Steve Ott and loses puck.
9:33 of 2nd period - Jimmy Hayes is hit by Alex Plante and loses puck.
10:16 of 2nd period - Wrist shot by Ryan Hartman.
10:16 of 2nd period - Shot Misses the Net.
10:18 of 2nd period - Wrist shot by Colton Sissons.
10:18 of 2nd period - Deflect By Jujhar Khaira.
10:18 of 2nd period - Stopped by Anders Nilsson with a rebound.
10:20 of 2nd period - Backhand shot by Jujhar Khaira.
10:20 of 2nd period - Goal by Jujhar Khaira - Harfangs : 3 - Ice Dragons : 1.
10:21 of 2nd period - Steve Ott wins face-off versus Logan MacMillan in neutral zone.
10:30 of 2nd period - Victor Bartley is hit by Alec Martinez and loses puck.
11:05 of 2nd period - Minor Penalty to Matt Corrente for Hooking.
11:06 of 2nd period - Steve Ott wins face-off versus Luke Adam in Ice Dragons zone.
12:55 of 2nd period - Reid McNeill is hit by Logan MacMillan and loses puck.
13:05 of 2nd period - Penalty to Matt Corrente is over, Matt Corrente is back on ice.
13:08 of 2nd period - Michael Ferland is hit by Andreas Martinsen and loses puck.
13:36 of 2nd period - Slapshot by Matt Corrente.
13:36 of 2nd period - Stopped by Mark Visentin with a rebound.
13:38 of 2nd period - Wrist shot by Michael Ferland.
13:38 of 2nd period - Stopped by Mark Visentin with a rebound.
13:52 of 2nd period - Wrist shot by Matt Corrente.
13:52 of 2nd period - Stopped by Mark Visentin with a rebound.
14:04 of 2nd period - Wrist shot by Oscar Sundqvist.
14:04 of 2nd period - Stopped by Anders Nilsson without a rebound.
14:05 of 2nd period - Michael Chaput wins face-off versus Calle Jarnkrok in Ice Dragons zone.
14:12 of 2nd period - William Carrier is hit by Dustin Jeffrey and loses puck.
14:22 of 2nd period - Icing by Michael Chaput.
14:23 of 2nd period - Michael Chaput wins face-off versus Colton Sissons in Ice Dragons zone.
14:36 of 2nd period - Jeff Petry is hit by Michael Chaput and loses puck.
15:23 of 2nd period - Wrist shot by Andreas Martinsen.
15:23 of 2nd period - Shot Misses the Net.
15:56 of 2nd period - Snap shot by Dustin Jeffrey.
15:56 of 2nd period - Stopped by Anders Nilsson with a rebound.
15:58 of 2nd period - Slapshot by Blake Heinrich.
15:58 of 2nd period - Deflect By Tomas Kubalik.
15:58 of 2nd period - Shot Misses the Net.
15:58 of 2nd period - Puck is out of play.
15:59 of 2nd period - Emil Pettersson wins face-off versus Calle Jarnkrok in Ice Dragons zone.
16:11 of 2nd period - Alec Martinez is hit by Tomas Kubalik and loses puck.
16:24 of 2nd period - Slapshot by Alec Martinez.
16:24 of 2nd period - Deflect By Thomas Gobeil.
16:24 of 2nd period - Shot Misses the Net.
16:24 of 2nd period - Puck is out of play.
16:25 of 2nd period - Michael Bournival wins face-off versus Michael Chaput in Harfangs zone.
16:40 of 2nd period - Slapshot by David Rundblad.
16:40 of 2nd period - Shot Blocked by Jimmy Hayes.
16:47 of 2nd period - Icing by Brenden Kichton.
16:48 of 2nd period - Sam Carrick wins face-off versus Steve Ott in Harfangs zone.
16:49 of 2nd period - Wrist shot by Matt Corrente.
16:49 of 2nd period - Deflect By Jimmy Hayes.
16:49 of 2nd period - Stopped by Mark Visentin without a rebound.
16:50 of 2nd period - Steve Ott wins face-off versus Sam Carrick in Harfangs zone.
16:50 of 2nd period - Steve Ott is hit by Michael Ferland.
17:25 of 2nd period - Snap shot by Brandon Kozun.
17:25 of 2nd period - Shot Misses the Net.
17:57 of 2nd period - Snap shot by Luke Adam.
17:57 of 2nd period - Deflect By Emil Pettersson.
17:57 of 2nd period - Stopped by Mark Visentin with a rebound.
18:45 of 2nd period - Icing by Ryan Hartman.
18:46 of 2nd period - Colton Sissons wins face-off versus Michael Chaput in Harfangs zone.
18:46 of 2nd period - Colton Sissons is hit by Chris Wagner.
18:52 of 2nd period - Wrist shot by Michael Chaput.
18:52 of 2nd period - Deflect By Jimmy Hayes.
18:52 of 2nd period - Stopped by Mark Visentin without a rebound.
18:53 of 2nd period - Steve Ott wins face-off versus Luke Adam in Harfangs zone.
19:00 of 2nd period - Luke Adam is hit by Michael Bournival and loses puck.
19:15 of 2nd period - Minor Penalty to Michael Bournival for High sticking.
19:16 of 2nd period - Steve Ott wins face-off versus Luke Adam in Harfangs zone.
19:41 of 2nd period - Michael Chaput is hit by Steve McCarthy and loses puck.
Goals for this period are 2 for Harfangs vs 0 for Ice Dragons.
Shots for this period are 6 for Harfangs vs 9 for Ice Dragons.
3rd period
0:01 of 3rd period - Steve Ott wins face-off versus Luke Adam in neutral zone.
0:16 of 3rd period - Wrist shot by Brandon Kozun.
0:16 of 3rd period - Shot Misses the Net.
1:15 of 3rd period - Penalty to Michael Bournival is over, Michael Bournival is back on ice.
1:32 of 3rd period - Snap shot by Colton Sissons.
1:32 of 3rd period - Shot Misses the Net.
1:34 of 3rd period - Slapshot by Jeff Petry.
1:34 of 3rd period - Stopped by Anders Nilsson without a rebound.
1:35 of 3rd period - Calle Jarnkrok wins face-off versus Michael Chaput in Ice Dragons zone.
1:48 of 3rd period - Slapshot by Michael Stone.
1:48 of 3rd period - Deflect By Michael Chaput.
1:48 of 3rd period - Shot Misses the Net.
1:48 of 3rd period - Puck is out of play.
1:49 of 3rd period - Steve Ott wins face-off versus Luke Adam in Harfangs zone.
2:14 of 3rd period - Brandon Kozun is hit by Oscar Sundqvist and loses puck.
2:49 of 3rd period - Wrist shot by Jujhar Khaira.
2:49 of 3rd period - Stopped by Anders Nilsson with a rebound.
2:59 of 3rd period - Wrist shot by Steve Ott.
2:59 of 3rd period - Shot Misses the Net.
3:01 of 3rd period - Slapshot by Jimmy Hayes.
3:01 of 3rd period - Deflect By Steve Ott.
3:01 of 3rd period - Shot Misses the Net.
3:01 of 3rd period - Puck is out of play.
3:02 of 3rd period - Michael Bournival wins face-off versus Michael Chaput in Ice Dragons zone.
3:03 of 3rd period - Wrist shot by Jimmy Hayes.
3:03 of 3rd period - Shot Blocked by David Rundblad.
3:11 of 3rd period - Wrist shot by Michael Chaput.
3:11 of 3rd period - Stopped by Mark Visentin with a rebound.
3:13 of 3rd period - Wrist shot by William Carrier.
3:13 of 3rd period - Stopped by Mark Visentin with a rebound.
3:15 of 3rd period - Slapshot by Michael Chaput.
3:15 of 3rd period - Shot Misses the Net.
3:17 of 3rd period - Wrist shot by William Carrier.
3:17 of 3rd period - Stopped by Mark Visentin with a rebound.
3:27 of 3rd period - Justin Shugg is hit by Dustin Jeffrey and loses puck.
4:08 of 3rd period - Colton Sissons is hit by Chris Wagner.
4:16 of 3rd period - Snap shot by Jujhar Khaira.
4:16 of 3rd period - Shot Misses the Net.
4:50 of 3rd period - Samuel Groulx is hit by Dustin Jeffrey and loses puck.
5:05 of 3rd period - Snap shot by Brandon Pirri.
5:05 of 3rd period - Stopped by Anders Nilsson without a rebound.
5:06 of 3rd period - Michael Chaput wins face-off versus Oscar Sundqvist in Ice Dragons zone.
5:39 of 3rd period - Justin Shugg is hit by Steve McCarthy and loses puck.
5:44 of 3rd period - Snap shot by Tomas Kubalik.
5:44 of 3rd period - Deflect By David Rundblad.
5:44 of 3rd period - Stopped by Anders Nilsson without a rebound.
5:45 of 3rd period - Michael Chaput wins face-off versus Steve Ott in Ice Dragons zone.
6:00 of 3rd period - Wrist shot by Michael Chaput.
6:00 of 3rd period - Shot Misses the Net.
6:10 of 3rd period - Brandon Kozun is hit by Dustin Jeffrey and loses puck.
6:31 of 3rd period - Wrist shot by Brandon Pirri.
6:31 of 3rd period - Stopped by Anders Nilsson with a rebound.
6:33 of 3rd period - Wrist shot by Brandon Pirri.
6:33 of 3rd period - Stopped by Anders Nilsson without a rebound.
6:34 of 3rd period - Oscar Sundqvist wins face-off versus Luke Adam in Ice Dragons zone.
7:05 of 3rd period - Wrist shot by Andreas Martinsen.
7:05 of 3rd period - Goal by Andreas Martinsen - Harfangs : 4 - Ice Dragons : 1.
7:06 of 3rd period - Michael Chaput wins face-off versus Steve Ott in neutral zone.
7:10 of 3rd period - Icing by Steve Ott.
7:11 of 3rd period - Steve Ott wins face-off versus Michael Chaput in Harfangs zone.
7:11 of 3rd period - Steve Ott is hit by Alec Martinez.
7:47 of 3rd period - Snap shot by Logan MacMillan.
7:47 of 3rd period - Shot Misses the Net.
8:07 of 3rd period - Slapshot by David Rundblad.
8:07 of 3rd period - Stopped by Mark Visentin without a rebound.
8:08 of 3rd period - Luke Adam wins face-off versus Steve Ott in Harfangs zone.
8:35 of 3rd period - Slapshot by Matt Corrente.
8:35 of 3rd period - Deflect By Michael Chaput.
8:35 of 3rd period - Shot Misses the Net.
8:35 of 3rd period - Puck is out of play.
8:36 of 3rd period - Dustin Jeffrey wins face-off versus Chris Wagner in Harfangs zone.
8:43 of 3rd period - Slapshot by Dustin Jeffrey.
8:43 of 3rd period - Deflect By Tomas Kubalik.
8:43 of 3rd period - Goal by Tomas Kubalik - Harfangs : 5 - Ice Dragons : 1.
8:44 of 3rd period - Jimmy Hayes wins face-off versus Luke Adam in neutral zone.
8:51 of 3rd period - Logan MacMillan is hit by Steve Ott and loses puck.
9:00 of 3rd period - Snap shot by Steve Ott.
9:00 of 3rd period - Stopped by Anders Nilsson with a rebound.
9:06 of 3rd period - Minor Penalty to Logan MacMillan for Hooking.
9:07 of 3rd period - Luke Adam wins face-off versus Michael Bournival in Ice Dragons zone.
9:07 of 3rd period - Luke Adam is hit by Michael Bournival.
9:33 of 3rd period - Michael Chaput is hit by Dustin Jeffrey.
9:50 of 3rd period - Kevin Connauton is hit by Dustin Jeffrey.
10:56 of 3rd period - Michael Ferland is hit by Jeff Petry and loses puck.
11:06 of 3rd period - Penalty to Logan MacMillan is over, Logan MacMillan is back on ice.
11:19 of 3rd period - Wrist shot by Jujhar Khaira.
11:19 of 3rd period - Stopped by Anders Nilsson without a rebound.
11:20 of 3rd period - Justin Shugg wins face-off versus Colton Sissons in Ice Dragons zone.
11:22 of 3rd period - Michael Ferland beats up Jujhar Khaira.
11:22 of 3rd period - Penalty to Michael Ferland for Fighting.
11:22 of 3rd period - Penalty to Jujhar Khaira for Fighting.
11:23 of 3rd period - Steve Ott wins face-off versus Luke Adam in Ice Dragons zone.
11:30 of 3rd period - Wrist shot by Michael Bournival.
11:30 of 3rd period - Shot Misses the Net.
11:32 of 3rd period - Snap shot by Jimmy Hayes.
11:32 of 3rd period - Stopped by Anders Nilsson with a rebound.
11:34 of 3rd period - Wrist shot by Steve Ott.
11:34 of 3rd period - Stopped by Anders Nilsson with a rebound.
11:36 of 3rd period - Slapshot by Steve McCarthy.
11:36 of 3rd period - Stopped by Anders Nilsson with a rebound.
11:38 of 3rd period - Snap shot by Jimmy Hayes.
11:38 of 3rd period - Stopped by Anders Nilsson with a rebound.
11:48 of 3rd period - Dustin Jeffrey is hit by Michael Chaput.
12:39 of 3rd period - Kevin Connauton is hit by Michael Bournival and loses puck.
13:09 of 3rd period - Off-side.
13:10 of 3rd period - Oscar Sundqvist wins face-off versus Emil Pettersson in neutral zone.
13:17 of 3rd period - Icing by Andreas Martinsen.
13:18 of 3rd period - Emil Pettersson wins face-off versus Oscar Sundqvist in Harfangs zone.
13:28 of 3rd period - Off-side.
13:29 of 3rd period - Brandon Kozun wins face-off versus Steve Ott in neutral zone.
13:32 of 3rd period - Slapshot by Matt Corrente.
13:32 of 3rd period - Deflect By Logan MacMillan.
13:32 of 3rd period - Stopped by Mark Visentin with a rebound.
13:45 of 3rd period - Wrist shot by Michael Bournival.
13:45 of 3rd period - Stopped by Anders Nilsson with a rebound.
14:15 of 3rd period - Snap shot by David Rundblad.
14:15 of 3rd period - Shot Blocked by Steve McCarthy.
14:59 of 3rd period - Wrist shot by Michael Chaput.
14:59 of 3rd period - Shot Blocked by Reid McNeill.
15:42 of 3rd period - Blake Heinrich is hit by Matt Corrente and loses puck.
16:13 of 3rd period - Luke Adam is hit by Tomas Kubalik.
16:51 of 3rd period - Minor Penalty to Chris Wagner for Hooking.
16:52 of 3rd period - Luke Adam wins face-off versus Steve Ott in Ice Dragons zone.
18:51 of 3rd period - Penalty to Chris Wagner is over, Chris Wagner is back on ice.
18:57 of 3rd period - Snap shot by Luke Adam.
18:57 of 3rd period - Stopped by Mark Visentin without a rebound.
18:58 of 3rd period - Oscar Sundqvist wins face-off versus Sam Carrick in Harfangs zone.
19:00 of 3rd period - Michael Ferland beats up Blake Heinrich.
19:00 of 3rd period - Penalty to Michael Ferland for Fighting.
19:00 of 3rd period - Penalty to Blake Heinrich for Fighting.
19:00 of 3rd period - Penalty to Blake Heinrich for instigated a fight.
19:00 of 3rd period - Penalty to Blake Heinrich for instigated a fight.
19:01 of 3rd period - Luke Adam wins face-off versus Steve Ott in Harfangs zone.
19:06 of 3rd period - Slapshot by Matt Corrente.
19:06 of 3rd period - Shot Blocked by Steve McCarthy.
19:08 of 3rd period - Slapshot by Matt Corrente.
19:08 of 3rd period - Goal by Matt Corrente - Harfangs : 5 - Ice Dragons : 2.
19:09 of 3rd period - Luke Adam wins face-off versus Steve Ott in neutral zone.
19:14 of 3rd period - Slapshot by Logan MacMillan.
19:14 of 3rd period - Deflect By Luke Adam.
19:14 of 3rd period - Stopped by Mark Visentin with a rebound.
19:16 of 3rd period - Minor Penalty to Jimmy Hayes for Tripping.
19:17 of 3rd period - Steve Ott wins face-off versus Luke Adam in Harfangs zone.
19:26 of 3rd period - Matt Corrente is hit by Oscar Sundqvist and loses puck.
19:31 of 3rd period - Wrist shot by Oscar Sundqvist.
19:31 of 3rd period - Shot Misses the Net.
19:33 of 3rd period - Slapshot by Steve Ott.
19:33 of 3rd period - Shot Misses the Net.
19:56 of 3rd period - Snap shot by Michael Chaput.
19:56 of 3rd period - Stopped by Mark Visentin without a rebound.
19:57 of 3rd period - Steve Ott wins face-off versus Luke Adam in Harfangs zone.
Goals for this period are 2 for Harfangs vs 1 for Ice Dragons.
Shots for this period are 15 for Harfangs vs 9 for Ice Dragons.
Back to the Top